 Dungeon Crawl Stone Soup version 0.20.1-1-g8b1a95d (webtiles) character file.

338 mortelune the Digger (level 6, -1/32 HPs)
             Began as a Gargoyle Earth Elementalist on Nov 4, 2017.
             Was a Follower of Ashenzari.
             Slain by Tenz's ghost (3 damage)
             ... on level 4 of the Dungeon.
             The game lasted 00:21:17 (4387 turns).

mortelune the Digger (Gargoyle Earth Elementalist)  Turns: 4387, Time: 00:21:17

Health: -1/32      AC:  6    Str: 12    XL:     6   Next: 55%
Magic:  5/12       EV: 12    Int: 17    God:    Ashenzari [*.....]
Gold:   99         SH:  0    Dex: 10    Spells: 9/13 levels left

rFire    . . .     SeeInvis +   f - +1 dagger (venom)
rCold    . . .     Gourm    +   (no shield)
rNeg     + . .     Faith    .   p - +0 robe (curse)
rPois    ∞         Spirit   .   (no helmet)
rElec    +         Reflect  .   (no cloak)
rCorr    .         Harm     .   (no gloves)
MR       +....                  (no boots)
Stlth    ++........             v - amulet of the gourmand
Regen    0.1/turn               C - ring of see invisible
MPRegen  0.2/turn               E - ring of protection from magic

@: no status effects
A: negative energy resistance 1, electricity resistance, unbreathing,
petrification resistance, rot immunity, AC +4
a: Curse Item, Scrying, Renounce Religion


You were on level 4 of the Dungeon.
You worshipped Ashenzari.
Ashenzari was aware of your devotion.
You were full.

You visited 1 branch of the dungeon, and saw 4 of its levels.

You collected 99 gold pieces.

Inventory:

Hand Weapons
 a - a +0 dagger
 f - a +1 dagger of venom (weapon)
 g - a +0 whip
 h - a +1 whip of flaming
 y - a +0 mace
 D - a +0 flail
Missiles
 b - 23 stones (quivered)
Armour
 c - a +0 robe
 p - a cursed +0 robe (worn)
Jewellery
 v - an amulet of the gourmand (around neck)
 C - a ring of see invisible (left hand)
 E - a ring of protection from magic (right hand)
 F - an uncursed ring of flight
 I - an uncursed ring of ice
Wands
 q - a wand of confusion (16/48)
Scrolls
 j - 4 scrolls of enchant weapon {unknown}
 l - a scroll of amnesia {unknown}
 n - a scroll of fear {unknown}
 o - a scroll of teleportation {unknown}
 r - a scroll of enchant armour {unknown}
 s - 2 scrolls of fog {unknown}
 t - a scroll of identify {unknown}
 z - 2 scrolls of random uselessness {unknown}
 A - a scroll of remove curse
 B - a scroll of blinking {unknown}
 G - a scroll of noise {unknown}
Potions
 i - 3 potions of heal wounds {unknown}
 m - a potion of ambrosia {unknown}
 u - 2 potions of degeneration {unknown}
 x - a potion of lignification {unknown}
 H - a potion of might {unknown}
 J - a potion of curing {unknown}
Books
 e - a book of Geomancy

   Spells                             Type                      Level
   a - Sandblast                      Earth                        1
   b - Passwall                       Transmutation/Earth          2
   c - Stone Arrow                    Conjuration/Earth            3
   d - Petrify                        Transmutation/Earth          4
   e - Lee's Rapid Deconstruction     Earth                        5
Comestibles
 d - 4 bread rations
 k - 3 meat rations
 w - 2 royal jellies


   Skills:
 - Level 1.5 Dodging
 - Level 2.1 Stealth
 + Level 4.2 Spellcasting
 + Level 2.8 Conjurations
   Level 0.7 Transmutations
 + Level 6.0 Earth Magic


You had 9 spell levels left.
You knew the following spells:

 Your Spells              Type           Power        Failure   Level  Hunger
a - Sandblast             Erth           ###...       1%          1    None
b - Stone Arrow           Conj/Erth      ###...       8%          3    ###....


Dungeon Overview and Level Annotations

Branches:
Dungeon (4/15)
 Temple: D:4-7

Altars:
Ashenzari
Fedhas
Ru
The Shining One

Annotations:
D:3 exclusion: downstairs
D:4 Tenz's ghost, amateur MiBe


Innate Abilities, Weirdness & Mutations

You are resistant to torment.
Your stone body is resilient. (AC +4)
You are immune to poison.
You resist negative energy. (rN+)
You are resistant to electric shocks. (rElec)
You can survive without breathing.
You are immune to petrification.
You are immune to rotting.


Message History

Tenz's ghost says, "Try not to bleed too much."
Found 10 bolts.
Found 18 stones.
You see here a scroll labeled BIMIQU ZEOTT.
A bat comes into view.
The bat closely misses you. The bat hits you but does no damage.
The bat misses you. The bat misses you.
Found a stone staircase leading down.
A phantom comes into view.
The bat hits you but does no damage. Tenz's ghost barely misses you.
The bat hits you but does no damage.
Found a stone staircase leading down.
The bat misses you. Tenz's ghost hits you.
* * * LOW HITPOINT WARNING * * *
The bat misses you.
There is a stone staircase leading up here.
The bat misses you. The bat hits you but does no damage. Tenz's ghost hits you.
You die...

.........# ....)....#
.........# ?........#
.........######
..............## ##
...............# ##.
#.##.@b.......
...#########.##.W....###
........?.##.##.....##
##..###............##≈§
##................'...§
#..........[.#...'..>W
##.....†....###...'....>
##...........#
....##≈§..
.....(.......#
.....##§§≈


You could see Tenz's ghost and a bat.

Vanquished Creatures
  A hound (D:3)
  An orc wizard (D:3)
  5 worker ants (D:4)
  4 adders
  An ooze (D:3)
  An adder zombie (D:4)
  An adder skeleton (D:4)
  4 worms
  5 dart slugs
  2 leopard geckos
  8 orcs
  9 bats
  2 giant cockroaches
  7 goblins
  6 hobgoblins
  4 jackals (D:3)
  A quokka (D:3)
  A ball python (D:3)
  4 frilled lizards
  16 kobolds
  A quokka skeleton (D:4)
  11 rats
95 creatures vanquished.

Notes
Turn   | Place    | Note
-------+----------+-------------------------------------------
     0 | D:1      | mortelune the Gargoyle Earth Elementalist began the quest for the Orb.
     0 | D:1      | Reached XP level 1. HP: 10/10 MP: 3/3
   426 | D:1      | Reached skill level 4 in Earth Magic
   426 | D:1      | Reached XP level 2. HP: 7/15 MP: 5/5
  1108 | D:1      | Reached XP level 3. HP: 19/19 MP: 6/6
  1578 | D:2      | Learned a level 3 spell: Stone Arrow
  1590 | D:2      | Reached XP level 4. HP: 24/24 MP: 8/8
  1730 | D:2      | Reached skill level 5 in Earth Magic
  1813 | D:2      | Found a sacrificial altar of Ru.
  1870 | D:2      | Found a shattered altar of Ashenzari.
  1881 | D:2      | Became a worshipper of Ashenzari the Shackled
  2014 | D:3      | Reached skill level 1 in Conjurations
  2014 | D:3      | Reached XP level 5. HP: 16/28 MP: 5/10
  3323 | D:3      | Found a blossoming altar of Fedhas.
  3438 | D:4      | Noticed Tenz's ghost (amateur MiBe)
  3808 | D:4      | Reached XP level 6. HP: 19/32 MP: 11/11
  4078 | D:4      | Reached * piety under Ashenzari
  4119 | D:4      | Reached skill level 6 in Earth Magic
  4198 | D:4      | Found a glowing golden altar of the Shining One.
  4383 | D:4      | Noticed a phantom
  4387 | D:4      | Slain by Tenz's ghost

Skill      XL: |  1  2  3  4  5  6 |
---------------+-------------------+-----
Earth Magic    | 4 5 6 |  6.0
Spellcasting   | 3 4 |  4.2
Conjurations   | 1 2 |  2.8
Dodging        | |  1.5
Stealth        | |  2.1
Transmutations | |  0.7

Action                   |  1- 3 |  4- 6 || total
-------------------------+-------+-------++-------
Melee: Dagger            |    74 |   171 ||   245
       Whip              |    43 |       ||    43
 Cast: Sandblast         |    15 |    37 ||    52
 Stab: Sleeping          |     4 |     4 ||     8
  Eat: Chunk             |     2 |    16 ||    18
Armor: Robe              |    25 |    61 ||    86
Dodge: Dodged            |    71 |   125 ||   196
